 Dungeon Crawl Stone Soup version 0.31-a0-1206-g41278d8d1d (webtiles) character file.

Game seed: 3203861195920353932

41 rvierbuc the Trooper (level 3, 0/29 HPs)
             Began as a Demonspawn Berserker on Dec 14, 2023.
             Was a Believer of Trog.
             Slain by Robin
             ... wielding a +0 club
              (4 damage)
             ... on level 2 of the Dungeon.
             The game lasted 00:01:40 (916 turns).

rvierbuc the Trooper (Demonspawn Berserker)          Turns: 916, Time: 00:01:40

Health: 0/29       AC:  2    Str: 19    XL:     3   Next: 32%
Magic:  3/3        EV: 12    Int:  7    God:    Trog [**....]
Gold:   45         SH:  0    Dex: 12    Spells: 2/2 levels left

rFire   . . .        a - +0 hand axe
rCold   . . .        (no shield)
rNeg    . . .        b - +0 animal skin
rPois   +            (no helmet)
rElec   .            (no cloak)
rCorr   .            (no gloves)
SInv    .            (no boots)
Will    .....        (no amulet)
Stlth   +            f - ring of poison resistance
HPRegen 0.24/turn    (no ring)
MPRegen 0.08/turn

%: no passive effects
@: no status effects
A: spiny 1
a: Renounce Religion, Berserk, Trog's Hand


You were on level 2 of the Dungeon.
You worshipped Trog.
Trog was pleased with you.
You visited 1 branch of the dungeon, and saw 2 of its levels.

You collected 45 gold pieces.

Inventory:

Hand Weapons
 a - a +0 hand axe (weapon)
 m - a +2 short sword of speed
Armour
 b - a +0 animal skin (worn)
Jewellery
 f - a ring of poison resistance (left hand)
Scrolls
 c - a scroll of acquirement {unknown}
 d - 2 scrolls of fog {unknown}
 e - a scroll of enchant armour {unknown}
 h - 2 scrolls of poison {unknown}
 i - a scroll of identify {unknown}
 k - a scroll of noise {unknown}
Potions
 g - 2 potions of enlightenment {unknown}
 j - a potion of brilliance {unknown}
 l - a potion of heal wounds {unknown}


   Skills:
 + Level 3.3 Fighting
 + Level 3.1 Axes
 + Level 2.2 Armour
 + Level 2.2 Dodging


You had 2 spell levels left.
You didn't know any spells.
Your spell library was empty.

Dungeon Overview and Level Annotations

Branches:
Dungeon (2/15)

Altars:

Annotations:
D:2 Robin


Innate Abilities, Weirdness & Mutations

You are partially covered in sharp spines.


Message History

You closely miss Robin.
Robin is moderately wounded.
You hit the endoplasm but do no damage. The endoplasm freezes you.
You are frozen.
Robin hits you with a +0 club.
You hit Robin.
Robin is heavily wounded.
You hit the endoplasm. The endoplasm closely misses you.
Robin closely misses you.
You barely miss Robin.
Robin is heavily wounded.
You hit the endoplasm.
You kill the endoplasm!
Trog accepts your kill.
You hit the goblin. The bat is struck by your spines.
You kill the bat!
Trog accepts your kill. Robin closely misses you.
The goblin is struck by your spines. The goblin hits you with a +0 club.
You barely miss Robin.
Robin is heavily wounded.
You hit the goblin but do no damage. The goblin barely misses you.
Robin misses you.
You hit Robin but do no damage.
Robin is heavily wounded.
You miss the goblin. The goblin is struck by your spines.
You kill the goblin!
Trog accepts your kill. Robin hits you with a +0 club.
* * * LOW HITPOINT WARNING * * *
Robin closely misses you.
You hit Robin.
Robin is severely wounded.
Robin hits you with a +0 club.
* * * LOW HITPOINT WARNING * * *
You hit Robin.
Robin is severely wounded.
Robin is struck by your spines. Robin hits you with a +0 club.
You die...
Robin says, "And that's why I'm the boss."

### $.# #.#
#.####.#######
#.....<.......
######..######
#.##.)#######
#...).......
##.†@).###.#
##†g).#
#.....#
#.#.#.##
#.##.#.# #. ..
.# . .. .. .
### .#


You could see Robin.

Vanquished Creatures
  3 ball pythons
  An endoplasm (D:2)
  A giant cockroach (D:1)
  9 goblins
  6 hobgoblins
  A jackal (D:1)
  6 kobolds (D:1)
  3 quokkas (D:1)
  5 bats
  2 frilled lizards (D:1)
  A rat (D:1)
38 creatures vanquished.

Notes
Turn   | Place    | Note
-------+----------+-------------------------------------------
     0 | D:1      | rvierbuc the Demonspawn Berserker began the quest for the
                  | Orb.
     0 | D:1      | Reached XP level 1. HP: 18/18 MP: 1/1
   145 | D:1      | Gained mutation: You are partially covered in sharp spines.
                  | [demonic ancestry]
   145 | D:1      | Reached XP level 2. HP: 18/24 MP: 2/2
   729 | D:1      | Reached ** piety under Trog
   898 | D:2      | Noticed Robin
   902 | D:2      | Reached XP level 3. HP: 22/29 MP: 3/3
   916 | D:2      | Slain by Robin

Illustrated notes

Levels and vault maps discovered:
D:1:      dpeg_arrival_brainrot, layout_loops_ring, minmay_tromino_v7
D:2:      layout_loops_ring, basic_altar, uniq_crazy_yiuf_cottage, uniq_robin,
          uniq_natasha

Skill      XL: |  1  2 |
---------------+-------+-----
Armour         | 2 |  2.2
Dodging        | 2 |  2.2
Axes           | 3 |  3.1
Fighting       | |  3.3

Action                     || total
---------------------------++-------
  Melee: Hand axe          ||    74
   Stab: Sleeping          ||     1
 Armour: Animal skin       ||    49
  Dodge: Dodged            ||    45

Table legend: (Time is in decaauts)
 A = Elapsed time spent in this place.
 B = Non-inter-level travel time spent in this place.
 C = Inter-level travel time spent in this place.
 D = Time resting spent in this place.
 E = Time spent auto-exploring this place.
 F = Levels seen in this place.
 G = Mean time per level.
                   A        B        C        D        E       F      G
               +--------+--------+--------+--------+--------+-----+--------+
         Total |    926 |    915 |     11 |      0 |    755 |   2 |  463.0 |
       Dungeon |    926 |    915 |     11 |      0 |    755 |   2 |  463.0 |
               +--------+--------+--------+--------+--------+-----+--------+

Top non-repeatable levels by time:
     D:1: 904 daAuts
     D:2: 21 daAuts
